 Dungeon Crawl Stone Soup version 0.29.1-12-g30fa7ad0bf (webtiles) character file.

Game seed: 9291050495175287113

44 IcyTea the Shooter (level 3, -4/29 HPs)
             Began as a Demigod Hunter on Dec 18, 2022.
             Slain by a gnoll
             ... wielding a +2 flail of protection
              (6 damage)
             ... on level 2 of the Dungeon.
             The game lasted 00:05:19 (832 turns).

IcyTea the Shooter (Demigod Hunter)                  Turns: 832, Time: 00:05:20

Health: -4/29      AC:  3    Str: 12    XL:     3   Next: 23%
Magic:  5/5        EV: 12    Int: 15    God:
Gold:   57         SH:  0    Dex: 17    Spells: 2/2 levels left

rFire   . . .      SeeInvis .   a - +1 shortbow
rCold   . . .      Faith    .   (shield currently unavailable)
rNeg    . . .      Spirit   .   c - +0 leather armour
rPois   .          Reflect  .   (no helmet)
rElec   .          Harm     .   (no cloak)
rCorr   .          Rampage  .   (no gloves)
Will    .....                   (no boots)
Stlth   ++........              (no amulet)
HPRegen 0.09/turn               (no ring)
MPRegen 0.09/turn               (no ring)

@: hasted, very quick
A: high MP 1, forlorn, divine attributes
a: no special abilities


You were on level 2 of the Dungeon.
You visited 1 branch of the dungeon, and saw 2 of its levels.

You collected 57 gold pieces.

Inventory:

Hand Weapons
 a - a +1 shortbow (weapon)
 d - a +1 dagger of venom
Armour
 c - a +0 leather armour (worn)
Scrolls
 b - 3 scrolls of immolation
 h - a scroll of amnesia
Potions
 e - 2 potions of haste
 f - a potion of lignification {unknown}
 g - a potion of mutation {unknown}
 l - a potion of degeneration {unknown}


   Skills:
 - Level 1.7 Fighting
 + Level 4.8 Ranged Weapons
 - Level 1.7 Dodging
 - Level 0.8 Stealth


You had 2 spell levels left.
You didn't know any spells.
Your spell library contained the following spells:

 Spells                   Type           Power      Damage    Failure   Level
 Foxfire                  Conj/Fire      0%         2x1d4     34%         1
 Conjure Flame            Conj/Fire      0%         6-21      71%         3
 Inner Flame              Hex/Fire       0%         N/A       71%         3
 Flame Wave               Conj/Fire      0%         2d4       98%         4


Dungeon Overview and Level Annotations

Branches:
Dungeon (2/15)


Innate Abilities, Weirdness & Mutations

You have an increased reservoir of magic. (+10% MP)
You shall have no god before yourself.
Your divine heritage dramatically boosts your attributes as you level up.


Message History

Fire: a) +1 shortbow
Press: ? - help, Q - select action Shift-Dir - straight line, f/p - hobgoblin
Aim: a hobgoblin (almost dead, 63% to hit)
You shoot an arrow. The arrow hits the hobgoblin!
You kill the hobgoblin!
You hear a shout!
Okay, then.
Setting a skill training target for Ranged Weapons at 16.0.
You see here a hobgoblin corpse.
The gnoll hits you with a +2 flail of protection!
The gnoll attacks as you move away! The gnoll misses you.
Fire: a) +1 shortbow
Press: ? - help, Q - select action Shift-Dir - straight line, f - gnoll
Aim: a gnoll, wielding a +2 flail of protection (66% to hit)
You shoot an arrow.
The arrow hits the gnoll but does no damage.
The gnoll closely misses you.
Fire: a) +1 shortbow
Press: ? - help, Q - select action Shift-Dir - straight line, f/p - gnoll
Aim: a gnoll, wielding a +2 flail of protection (66% to hit)
You shoot an arrow.
The arrow hits the gnoll but does no damage.
The gnoll barely misses you.
Fire: a) +1 shortbow
Press: ? - help, Q - select action Shift-Dir - straight line, f/p - gnoll
Aim: a gnoll, wielding a +2 flail of protection (66% to hit)
You shoot an arrow.
The arrow hits the gnoll but does no damage.
The gnoll hits you with a +2 flail of protection!
The gnoll misses you.
Fire: a) +1 shortbow
Press: ? - help, Q - select action Shift-Dir - straight line, f/p - gnoll
Aim: a gnoll, wielding a +2 flail of protection (66% to hit)
You shoot an arrow. The arrow completely misses the gnoll.
The gnoll hits you with a +2 flail of protection!
* * * LOW HITPOINT WARNING * * *
Sorry, you're not good enough to have a special ability.
It was a potion of haste.
You feel yourself speed up.
The gnoll hits you with a +2 flail of protection.
You die...

#####..g.......,* *,,,,,****,,,,,
..........g..##,***,,,,,**,,,,,,,
.g.....<......$,,,*,,,,,**,,,*###
?...........#.###,*,,,,,**,,,*#..
#+###.......#...#,',,,,,**,,,*#..
*,* #.......#...##*,,,,,**,,,*#..
*,* #........†...#*,**********#..
,,* #.....$#####g#*,,,* ##..
****#......# ##@####.# #...
,,,,#......#**#.......# #...
***,*,,,,,,,,,#...##### ##... *
*,*,,,,,....#.#.### ###.... *
*,*****#....#.....#######...#..
*,* #....##.)#.#.......##### *,*
#....#._...#.#####.# *,*
#....#...†...###...###
*##.######....#⌠.∩##......#...#


You could see a gnoll.

Vanquished Creatures
  A gnoll (D:2)
  2 dart slugs
  4 endoplasms
  A giant cockroach (D:2)
  A goblin (D:1)
  4 hobgoblins
  5 kobolds
  7 ball pythons
  A bat (D:1)
  2 frilled lizards
  2 rats
30 creatures vanquished.

Notes
Turn   | Place    | Note
-------+----------+-------------------------------------------
     0 | D:1      | IcyTea the Demigod Hunter began the quest for the Orb.
     0 | D:1      | Reached XP level 1. HP: 17/17 MP: 3/3
    49 | D:1      | Reached skill level 4 in Ranged Weapons
   101 | D:1      | Reached XP level 2. HP: 21/24 MP: 4/4
   811 | D:2      | Reached XP level 3. HP: 29/29 MP: 5/5
   832 | D:2      | Slain by a gnoll

Illustrated notes

Levels and vault maps discovered:
D:1:      sevenhm_arrival_forest_fort_small_6, layout_rooms
D:2:      layout_basic, basic_altar, ebering_ecumenical_altar_abandoned

Skill      XL: |  1 |
---------------+----+-----
Ranged Weapons | 4 |  4.8
Fighting       | |  1.7
Dodging        | |  1.7
Stealth        | |  0.8

Action                   || total
-------------------------++-------
 Fire: Shortbow          ||    65
  Use: Scroll            ||     5
       Potion            ||     1
Armor: Leather armour    ||     5
Dodge: Dodged            ||    27
